 Dungeon Crawl Stone Soup version 0.29-a0-323-g050149af67 (webtiles) character file.

Game seed: 13586108714605457542

2307 Jortsu the Ruffian (level 9, -3/85 HPs)
             Began as a Troll Fighter on Apr 12, 2022.
             Was an Initiate of Okawaru.
             Slain by a sky beast (5 damage)
             ... on level 6 of the Dungeon.
             The game lasted 00:09:54 (4420 turns).

Jortsu the Ruffian (Troll Fighter)                  Turns: 4420, Time: 00:09:55

Health: -3/85      AC:  5    Str: 28    XL:     9   Next: 18%
Magic:  0/8        EV: 11    Int:  4    God:    Okawaru [......]
Gold:   406        SH:  0    Dex: 11    Spells: 8/8 levels left

rFire   . . .      SeeInvis .   g - +0 giant spiked club
rCold   . . .      Faith    .   (shield currently unavailable)
rNeg    . . .      Spirit   +   a - +0 robe
rPois   +          Reflect  .   (helmet restricted)
rElec   .          Harm     .   e - +0 cloak
rCorr   .          Rampage  .   (gloves unavailable)
Will    .....                   (boots unavailable)
Stlth   +.........              k - amulet of guardian spirit
HPRegen 1.04/turn               i - ring of flight
MPRegen 0.11/turn               r - ring of poison resistance

@: flying
A: large, unfitting armour, claws 3, regeneration 1, shaggy fur 1, tough skin 1
a: Renounce Religion


You were on level 6 of the Dungeon.
You worshipped Okawaru.
Okawaru was noncommittal.
You visited 2 branches of the dungeon, and saw 8 of its levels.

You collected 406 gold pieces.

Inventory:

Hand Weapons
 g - a +0 giant spiked club (weapon)
Armour
 a - a +0 robe (worn)
 e - a +0 cloak (worn)
Jewellery
 i - a ring of flight (left claw)
 k - an amulet of guardian spirit (around neck)
 q - a ring of positive energy
 r - a ring of poison resistance (right claw)
Wands
 j - a wand of flame (13)
Scrolls
 d - a scroll of magic mapping
 n - a scroll of fear
 o - 2 scrolls of amnesia
 p - 2 scrolls of fog
 t - a scroll of noise
 v - a scroll of identify
Potions
 c - 2 potions of might
 f - 3 potions of curing
 h - 2 potions of degeneration
 l - 2 potions of lignification
 s - a potion of ambrosia
 u - a potion of invisibility


   Skills:
 + Level 4.7 Fighting
 + Level 2.4 Maces & Flails
 + Level 5.3 Dodging
 + Level 0.9 Stealth
 + Level 4.9 Shields
 + Level 7.6 Unarmed Combat


You had 8 spell levels left.
You didn't know any spells.
Your spell library was empty.

Dungeon Overview and Level Annotations

Branches:
Dungeon (7/15)             Temple (1/1) D:6

Altars:
Cheibriados
Elyvilon
Fedhas
Hepliaklqana
Kikubaaqudgha
Makhleb
Okawaru
Qazlal
Ru
Trog
Uskayaw
Vehumet
Wu Jian
Xom
Yredelemnul
Zin
Beogh

Shops:
D:4 **


Innate Abilities, Weirdness & Mutations

You are too large for most types of armour.
You have claws for hands.
Your natural rate of healing is unusually fast.
You are covered in fur. (AC +1)
You have tough skin. (AC +1)


Message History

* * * LOW HITPOINT WARNING * * *
Something shocks you.
* * * LOW HITPOINT WARNING * * *
You miss something. Something hits you but does no damage.
A sky beast appears from thin air!
Reactivating autopickup.
The sky beast barely misses you.
You closely miss the sky beast.
The sky beast is moderately wounded.
The sky beast closely misses you.
You miss the sky beast.
The sky beast is moderately wounded.
The sky beast misses you. x2
You miss the sky beast.
The sky beast is moderately wounded.
The sky beast flickers out of sight!
Deactivating autopickup; reactivate with Ctrl-A.
Something hits you but does no damage. Something hits you.
* * * LOW HITPOINT WARNING * * *
Something shocks you.
* * * LOW HITPOINT WARNING * * *
You closely miss something.
Something hits you but does no damage. x2
You miss something.
A sky beast appears from thin air!
Reactivating autopickup.
The sky beast closely misses you.
You closely miss the sky beast.
The sky beast is moderately wounded.
The sky beast barely misses you. The sky beast completely misses you.
You closely miss the sky beast.
The sky beast is moderately wounded.
The sky beast closely misses you. The sky beast hits you.
* * * LOW HITPOINT WARNING * * *
The sky beast shocks you.
* * * LOW HITPOINT WARNING * * *
You hit the sky beast but do no damage.
The sky beast is moderately wounded.
The sky beast hits you.
* * * LOW HITPOINT WARNING * * *
The sky beast shocks you.
You die...

######
####....#
#.......#
. #.# ..
#@# #. #Y#
#. ##)# ..
#..#
≈.#.#.#.##
≈........#
≈..#.###.#
# #.# #.#


You could see a sky beast.

Vanquished Creatures
  A wyvern (D:5)
  A steam dragon (D:6)
  2 water moccasins
  A sky beast (D:6)
  An ice beast (D:6)
  2 black bears (D:5)
  2 ogres (D:6)
  2 bullfrogs (D:6)
  A necrophage (D:6)
  4 scorpions
  A howler monkey (D:5)
  2 jellies (D:5)
  A crimson imp (D:6)
  5 orc priests
  6 hounds
  Jessica (D:2)
  3 iguanas
  2 orc wizards
  3 gnolls (D:5)
  10 adders
  A shadow imp (D:5)
  2 white imps (D:6)
  2 worms (D:5)
  2 dart slugs
  28 orcs
  8 ball pythons
  6 bats
  12 endoplasms
  3 giant cockroaches
  12 goblins
  7 hobgoblins
  4 quokkas
  2 frilled lizards
  8 kobolds
  9 rats
157 creatures vanquished.

Notes
Turn   | Place    | Note
-------+----------+-------------------------------------------
     0 | D:1      | Jortsu the Troll Fighter began the quest for the Orb.
     0 | D:1      | Reached XP level 1. HP: 22/22 MP: 0/0
   219 | D:1      | Reached XP level 2. HP: 29/29 MP: 1/1
   644 | D:1      | Reached XP level 3. HP: 36/36 MP: 2/2
   720 | D:1      | Found a faded altar of an unknown god.
   724 | D:1      | Prayed at the altar of an unknown god.
   724 | D:1      | Became a worshipper of Ru the Awakened
   725 | D:1      | Fell from the grace of Ru
   848 | D:2      | Noticed Jessica
   855 | D:2      | Killed Jessica
   856 | D:2      | Reached XP level 4. HP: 16/44 MP: 3/3
   867 | D:2      | Reached skill level 3 in Unarmed Combat
  1504 | D:3      | Reached XP level 5. HP: 52/52 MP: 4/4
  2032 | D:4      | Reached XP level 6. HP: 61/61 MP: 5/5
  2058 | D:4      | Reached skill level 4 in Unarmed Combat
  2521 | D:4      | Found Marghorit's Specific Store.
  2523 | D:4      | Found Eplij's General Store.
  2764 | D:5      | Entered Level 5 of the Dungeon
  2870 | D:5      | Reached XP level 7. HP: 67/67 MP: 6/6
  2897 | D:5      | Noticed a wyvern
  2908 | D:5      | Killed a wyvern
  2909 | D:5      | Reached skill level 5 in Unarmed Combat
  3120 | D:5      | Reached XP level 8. HP: 78/78 MP: 7/7
  3410 | D:5      | Reached skill level 6 in Unarmed Combat
  3608 | D:5      | Noticed a moth of wrath
  3610 | D:5      | Found a bloodstained altar of Trog.
  3804 | D:6      | Found an ancient bone altar of Kikubaaqudgha.
  3845 | D:6      | Reached skill level 7 in Unarmed Combat
  3875 | D:6      | Found a burning altar of Makhleb.
  3883 | D:6      | Reached skill level 5 in Dodging
  3979 | D:6      | Found a stormy altar of Qazlal.
  4102 | D:6      | Found a staircase to the Ecumenical Temple.
  4113 | Temple   | Entered the Ecumenical Temple
  4158 | Temple   | Became a worshipper of Warmaster Okawaru
  4233 | D:6      | Reached XP level 9. HP: 29/85 MP: 2/8
  4373 | D:6      | Reached skill level 1 in Maces & Flails
  4411 | D:6      | HP: 4/85 [something (5)]
  4420 | D:6      | HP: 2/85 [sky beast (4)]
  4420 | D:6      | Slain by a sky beast

Illustrated notes

Levels and vault maps discovered:
D:1:      lemuel_arrival_hallway, layout_loops_cross,
          chequers_ecumenical_altar_grove, nrook_campfire,
          nicolae_figureground_sparkle
D:2:      layout_basic, uniq_jessica
D:3:      cheibrodos_pilgrimage, layout_basic
D:4:      layout_cave_pods, nicolae_specific_store, kennysheep_orc_chapel
D:5:      minmay_spotlight, layout_basic, tgw_trog
D:6:      layout_rooms, nicolae_ru_the_path_less_chosen, makhleb_grotto_becter,
          mainiacjoe_overflow_catwalk, mainiacjoe_overflow_catch_the_wave,
          temple_pool_b, minmay_circle_x
D:7:      layout_loops_corners, mainiacjoe_overflow_boulevard,
          lemuel_crystal_altar, chequers_serial_rivers_micro_c, uniq_duvessa,
          uniq_pikel
Temple:   minmay_temple_bridge_abc

Skill      XL: |  1  2  3  4  5  6  7  8  9 |
---------------+----------------------------+-----
Dodging        | 3 4 5 |  5.3
Unarmed Combat | 3 4 5 7 |  7.6
Shields        | 3 4 |  4.9
Fighting       | 3 4 |  4.7
Maces & Flails | 2 |  2.4
Stealth        | |  0.9

Action                   |  1- 3 |  4- 6 |  7- 9 || total
-------------------------+-------+-------+-------++-------
Melee: Unarmed           |    78 |   258 |   143 ||   479
       Giant club        |       |       |    65 ||    65
       Giant spiked club |       |       |    25 ||    25
Invok: Renounce Religion |     1 |       |       ||     1
  Use: Scroll            |     6 |     4 |     4 ||    14
       Potion            |       |       |     2 ||     2
 Stab: Sleeping          |     2 |       |       ||     2
Armor: Robe              |    33 |    94 |    95 ||   222
Dodge: Dodged            |    26 |   133 |   127 ||   286
Block: Kite shield       |    34 |   144 |    46 ||   224

Table legend: (Time is in decaauts)
 A = Elapsed time spent in this place.
 B = Non-inter-level travel time spent in this place.
 C = Inter-level travel time spent in this place.
 D = Time resting spent in this place.
 E = Time spent auto-exploring this place.
 F = Levels seen in this place.
 G = Mean time per level.
                   A        B        C        D        E       F      G
               +--------+--------+--------+--------+--------+-----+--------+
         Total |   4494 |   4352 |    142 |    114 |   2701 |   8 |  561.8 |
       Dungeon |   4428 |   4304 |    124 |    114 |   2667 |   7 |  632.6 |
        Temple |     65 |     47 |     18 |      0 |     34 |   1 |   65.0 |
               +--------+--------+--------+--------+--------+-----+--------+

Top non-repeatable levels by time:
     D:5: 1012 daAuts
     D:4: 914 daAuts
     D:1: 791 daAuts
     D:6: 587 daAuts
     D:2: 565 daAuts
     D:3: 510 daAuts
  Temple: 65 daAuts
     D:7: 46 daAuts
